 Dungeon Crawl Stone Soup version 0.17-a0-2231-gd80ca38 (webtiles) character file.

93 ololoev the Insei (level 4, 5/35 HPs)
             Began as a Demonspawn Monk on Oct 29, 2015.
             Quit the game on level 5 of the Dungeon.
             The game lasted 00:05:54 (861 turns).

ololoev the Insei (Demonspawn Monk)                  Turns: 861, Time: 00:05:55

Health: 5/35       AC:  8    Str: 13    XL:     4   Next: 37%
Magic:  4/4        EV: 12    Int: 11    God:
Gold:   24         SH:  0    Dex: 20    Spells: 0 memorised, 3 levels left

rFire  . . .     SeeInvis .       - Unarmed
rCold  . . .     Clarity  .     f - +0 chain mail
rNeg   . . .     SustAt   .     (no shield)
rPois  .         Gourm    .     (no helmet)
rElec  .         Spirit   .     (no cloak)
rCorr  .         Warding  .     (no gloves)
rMut   .         Stasis   .     (no boots)
MR     .....                    g - amulet of regeneration
Stlth  +.........               (no ring)
                                (no ring)

@: agile, not resistant to hostile enchantments, very unstealthy
A: nightstalker 1
a: no special abilities


Innate Abilities, Weirdness & Mutations

You are slightly more attuned to the shadows.

Inventory:

Armour
 f - a +0 chain mail (worn)
Jewellery
 g - an amulet of regeneration (around neck)
Wands
 i - a wand of frost (8)
Scrolls
 a - a scroll of remove curse {unknown}
 c - a scroll of teleportation {unknown}
 e - 2 scrolls of amnesia {unknown}
 h - a scroll of recharging {unknown}
Comestibles
 b - a bread ration
 d - a meat ration


   Skills:
 - Level 3.0 Fighting
 + Level 1.9 Armour
 - Level 2.6 Dodging
 - Level 1.7 Stealth
 * Level 4.8 Unarmed Combat


You had 3 spell levels left.
You didn't know any spells.


You were on level 5 of the Dungeon.
You were not hungry.

You visited 1 branch of the dungeon, and saw 5 of its levels.

You collected 24 gold pieces.

## #. #.
###.##
##....##
##..?(<.##
#.....W..##..
#.....@.....#
#........####
<........#
##.........
##....###..
####.. ...
... %.

Notes
Turn   | Place    | Note
--------------------------------------------------------------
     0 | D:1      | ololoev the Demonspawn Monk began the quest for the Orb.
     0 | D:1      | Reached XP level 1. HP: 18/18 MP: 1/1
   103 | D:2      | Reached skill level 1 in Armour
   103 | D:2      | Reached skill level 4 in Unarmed Combat
   103 | D:2      | Gained mutation: You are slightly more attuned to the shadows. [demonic ancestry]
   103 | D:2      | Reached XP level 2. HP: 18/24 MP: 2/2
   182 | D:3      | Reached XP level 3. HP: 18/29 MP: 3/3
   426 | D:4      | Reached XP level 4. HP: 7/35 MP: 4/4
   509 | D:5      | Entered Level 5 of the Dungeon
   509 | D:5      | Noticed Uberwunderbarhen's ghost (novice OpFi)
   861 | D:5      | Quit the game

Dungeon Overview and Level Annotations

Branches:
Dungeon (5/15)
 Temple: D:4-7

Altars:

Annotations:
D:5 Uberwunderbarhen's ghost, novice OpFi


Message History

No target in view!
No target in view!
No target in view!
No target in view!
You now have 24 gold pieces (gained 10).
(D) Dungeon
Where to? (Enter - D:4 @ (x,y), ? - help)
There is an open door here.
As you open the door, it creaks loudly!
There is an open door here.
You enter a teleport trap!
The teleport trap disappears.
Your surroundings suddenly seem different.
Drink which item? (? for menu, Esc to quit)
Okay, then.
(D) Dungeon
Where to? (Enter - D:4 @ (x,y), ? - help)
You open the door.
There is an open door here.
There is a stone staircase leading down here.
Drink which item? (? for menu, Esc to quit)
It was a potion of agility.
You feel agile all of a sudden.
You climb downwards.
You hear the hiss of flowing sand.
There is an entrance to an ossuary on this level.
Hurry and find it before the portal is buried!
You hear the brisk hiss of a very distant avalanche of sand.
Level annotation: Uberwunderbarhen's ghost, novice OpFi Uberwunderbarhen's ghost screams, "You will join me soon!"
Uberwunderbarhen's ghost hits you. Uberwunderbarhen's ghost burns you.
There is a stone staircase leading up here.
You closely miss Uberwunderbarhen's ghost.
Uberwunderbarhen's ghost hits you! Uberwunderbarhen's ghost burns you.
You closely miss Uberwunderbarhen's ghost.
Uberwunderbarhen's ghost hits you! Uberwunderbarhen's ghost burns you.
You are too injured to fight recklessly!
Unknown command.
You are too injured to fight recklessly!
You aren't carrying any potions.
Found a beef jerky.
Are you sure you want to abandon this character and quit the game? (Confirm with "yes".)

You could see Uberwunderbarhen's ghost.

Vanquished Creatures
  A giant frog skeleton (D:4)
  A worker ant (D:4)
  3 adders
  A ball python (D:1)
  3 bats
  A giant cockroach (D:1)
  A hobgoblin (D:3)
  3 jackals (D:1)
14 creatures vanquished.

Action                   |  1- 3 |  4- 6 || total
-------------------------+-------+-------++-------
Melee: Unarmed           |    63 |    10 ||    73
  Use: Potion            |       |     4 ||     4
 Stab: Sleeping          |     4 |       ||     4

Vault maps used:
D:1:      ncdulo_watergridlock
D:2:      elyvilon_altar_4, grunt_ministairs_2, feat_on_display
D:3:      gup_sewer_entry_pipe, first_bread, nicolae_gozag_seed_capital
D:4:      kennysheep_mini_moat
D:5:      nicolae_ossuary_entry_monument, uniq_blork_the_orc
